 Dungeon Crawl Stone Soup version 0.18-a0-1805-g8ab820f (webtiles) character file.

51 Tarnath the Sneak (level 3, 0/24 HPs)
             Began as a Vine Stalker Enchanter on Apr 25, 2016.
             Slain by a gnoll
             ... wielding a +0 whip
              (5 damage)
             ... on level 2 of the Dungeon.
             The game lasted 00:03:26 (942 turns).

Tarnath the Sneak (Vine Stalker Enchanter)           Turns: 942, Time: 00:03:27

Health: 0/24       AC: 21    Str: 10    XL:     3   Next: 83%
Magic:  0/7        EV:  2    Int: 15    God:
Gold:   20         SH:  0    Dex: 15    Spells: 2 memorised, 3 levels left

rFire  . . .     SeeInvis .     a - +1 dagger
rCold  . . .     Gourm    .     (armour currently unavailable)
rNeg   + + +     Faith    .     (no shield)
rPois  +         Spirit   +     (helmet currently unavailable)
rElec  .         Dismiss  .     (cloak currently unavailable)
rCorr  .         Reflect  .     (gloves currently unavailable)
SustAt .         Harm     .     (boots currently unavailable)
MR     .....     NoTele   +     (no amulet)
Stlth  ++++......               (no ring)
                                j - ring of flight

@: tree-form, very slightly contaminated, not resistant to hostile enchantments,
stealthy
A: (fangs 0), regeneration 1, magic shield, (antimagic bite), no device heal 3,
rot immunity
a: no special abilities


You were on level 2 of the Dungeon.
You were not hungry.
You were a tree.
You visited 1 branch of the dungeon, and saw 2 of its levels.

You collected 20 gold pieces.

Inventory:

Hand Weapons
 a - a +1 dagger (weapon)
Armour
 b - a +2 robe (melded)
Jewellery
 j - a ring of flight (left branch)
Scrolls
 e - a scroll of identify
 h - a scroll of enchant armour
Potions
 i - 2 potions of curing
Books
 c - a book of Maledictions

   Spells                             Type                      Level
   a - Corona                         Hexes                        1
   b - Ensorcelled Hibernation        Hexes/Ice                    2
   c - Confuse                        Hexes                        3
   d - Tukima's Dance                 Hexes                        3
   e - Dazzling Spray                 Conjuration/Hexes            3
Comestibles
 d - a bread ration
 g - a meat ration


   Skills:
 * Level 1.9 Short Blades
 - Level 1.5 Dodging
 * Level 4.6 Stealth
 - Level 2.1 Spellcasting
 + Level 3.5 Hexes


You had 3 spell levels left.
You knew the following spells:

 Your Spells              Type           Power        Failure   Level  Hunger
a - Corona                Hex            ##.....      6%          1    #......
b - Ensorcelled Hibernat  Hex/Ice        #.....       17%         2    ###....


Dungeon Overview and Level Annotations

Branches:
Dungeon (2/15)

Altars:


Innate Abilities, Weirdness & Mutations

((You have extremely sharp teeth.))
Your natural rate of healing is unusually fast.
When hurt, damage is shared between your health and your magic reserves.
((Your bite disrupts and absorbs the magic of your enemies.))
Potions and wands cannot restore your health.
You are immune to rotting.


Message History

The gnoll hits you but does no damage. x2
Casting: Ensorcelled Hibernation
Confirm with . or Enter, or press ? or * to list all spells.
Okay, then.
Welcome back, Tarnath the Vine Stalker Enchanter.
Press ? for a list of commands and other information.
Cast which spell? (? or * to list)
You don't have enough magic to cast that spell.
Cast which spell? (? or * to list)
Aiming: Corona
Press: ? - help, Shift-Dir - straight line, f - gnoll
Aim: a gnoll, wielding a flail (chance to defeat MR: 57%)
The gnoll is outlined in light.
The gnoll hits you but does no damage. x3
You hit the gnoll but do no damage. The gnoll hits you but does no damage.
The gnoll hits you.
* * * LOW HITPOINT WARNING * * *
You hit the gnoll.
The gnoll is lightly wounded.
The gnoll hits you but does no damage. The gnoll hits you with a whip.
You die...

#...........#......
#.......<...#......
#...........#...♣ .
####...........'..♣♣♣.
#..............#.†.♣..
#..............#......
#.....##########......
#...gg# ####'##
#...g♣##### #....
#.........# #....
#.........# #....
#.........# #....
####......# #....
######## #.... #....
#.... #####


You could see 3 gnolls.

Vanquished Creatures
  A gnoll (D:2)
  An adder (D:2)
  3 dart slugs
  A giant gecko (D:1)
  A giant cockroach (D:1)
  4 goblins
  6 hobgoblins
  2 kobolds (D:1)
  A giant newt (D:1)
  5 rats
25 creatures vanquished.

Notes
Turn   | Place    | Note
--------------------------------------------------------------
     0 | D:1      | Tarnath the Vine Stalker Enchanter began the quest for the Orb.
     0 | D:1      | Reached XP level 1. HP: 9/9 MP: 4/4
    13 | D:1      | Reached skill level 1 in Short Blades
   150 | D:1      | Reached XP level 2. HP: 13/13 MP: 6/6
   166 | D:1      | Learned a level 2 spell: Ensorcelled Hibernation
   294 | D:1      | Reached skill level 4 in Stealth
   680 | D:1      | Reached XP level 3. HP: 12/16 MP: 7/7
   942 | D:2      | Slain by a gnoll

Vault maps used:
D:1:      matt_arrival_grand_opening, serial_park_tiny_pond
D:2:      kennysheep_generic_room_8

Skill      XL: |  1  2 |
---------------+-------+-----
Short Blades   | 1 |  1.9
Stealth        | 4 |  4.6
Dodging        | |  1.5
Spellcasting   | |  2.1
Hexes          | |  3.5

Action                   || total
-------------------------++-------
Melee: Dagger            ||    82
       Bite              ||    17
 Cast: Ensorcelled Hiber ||     1
       Corona            ||     1
  Use: Scroll            ||     2
       Potion            ||     1
 Stab: Sleeping          ||     5
Armor: Robe              ||     6
       Skin              ||    29
Dodge: Dodged            ||    29
